 Dungeon Crawl Stone Soup version 0.29-a0-284-gf9362112df (webtiles) character file.

Game seed: 16187356745773997858

233 siradein the Vexing (level 5, -9/37 HPs)
             Began as a Vampire Arcane Marksman on Mar 18, 2022.
             Shot with a sling bullet by Joseph (16 damage)
             ... on level 7 of the Dungeon.
             The game lasted 00:12:04 (2827 turns).

siradein the Vexing (Vampire Arcane Marksman)       Turns: 2827, Time: 00:12:04

Health: -9/37      AC:  5    Str: 15    XL:     5   Next: 75%
Magic:  0/7        EV: 12    Int: 18    God:
Gold:   37         SH:  0    Dex: 20    Spells: 2/6 levels left

rFire   . . .      SeeInvis +   a - +0 hand crossbow
rCold   . . .      Faith    .   (no shield)
rNeg    . . .      Spirit   +   m - +0 leather armour
rPois   .          Reflect  .   e - +2 hat
rElec   +          Harm     .   (no cloak)
rCorr   +          Rampage  +   (no gloves)
Will    .....      Clarity  +   (no boots)
Stlth   +......... NoCast   +   i - amulet "Ytiufac" {Spirit -Cast Rampage rCorr Str+4}
HPRegen 0.32/turn               d - +6 ring of dexterity
MPRegen 0.10/turn               (no ring)

@: healing quickly
A: alive, fangs 3, see invisible, vampiric 2, clarity, electricity resistance,
strong 1, MP-powered wands
a: Exsanguinate


You were on level 7 of the Dungeon.
You visited 1 branch of the dungeon, and saw 5 of its levels.

You collected 169 gold pieces.
You spent 132 gold pieces at shops.

Inventory:

Hand Weapons
 a - a +0 hand crossbow (weapon)
Armour
 e - a +2 hat (worn)
 m - a +0 leather armour (worn)
Jewellery
 d - a +6 ring of dexterity (left hand)
 i - the amulet "Ytiufac" (around neck) {Spirit -Cast Rampage rCorr Str+4}
   (You found it on level 2 of the Dungeon)

   [amulet of guardian spirit]

   It causes incoming damage to be divided between your reserves of health and
   magic.
   Str:       It affects your strength (+4).
   -Cast:     It prevents spellcasting.
   rCorr:     It protects you from acid and corrosion.
   Rampage:   It bestows one free step when moving towards enemies.
Scrolls
 b - 2 scrolls of identify {unknown}
 c - 2 scrolls of vulnerability
 j - a scroll of summoning {unknown}
 k - 4 scrolls of teleportation {unknown}
 p - a scroll of enchant weapon {unknown}
 r - a scroll of holy word {unknown}
 s - a scroll of amnesia {unknown}
Potions
 f - a potion of mutation
 g - a potion of lignification {unknown}
 h - a potion of flight {unknown}
 l - a potion of brilliance {unknown}
 n - a potion of haste {unknown}
 o - a potion of curing
 q - a potion of might {unknown}


   Skills:
 + Level 1.2 Fighting
 + Level 3.4 Crossbows
 + Level 2.5 Dodging
 + Level 1.3 Spellcasting
 + Level 6.9 Hexes
 + Level 0.7 Translocations


You had 2 spell levels left.
You knew the following spells:

 Your Spells              Type           Power      Damage    Failure   Level
a - Slow                  Hex            100%       N/A       1%          1
b - Portal Projectile     Hex/Tloc       30%        N/A       14%         3

Your spell library contained the following spells:

 Spells                   Type           Power      Damage    Failure   Level
 Cause Fear               Hex            13%        N/A       14%         4
 Inner Flame              Hex/Fire       13%        N/A       17%         3


Dungeon Overview and Level Annotations

Branches:
Dungeon (4/15)
 Temple: D:4-7

Altars:
Elyvilon
Trog
Yredelemnul

Shops:
D:3 !

Annotations:
D:4 1 runed translucent door, testman's ghost, amateur FoHu
D:7 Joseph; Menkaure


Innate Abilities, Weirdness & Mutations

Your natural rate of healing is accelerated.
You have razor-sharp teeth.
You have supernaturally acute eyesight. (SInv)
You are afflicted with vampirism and can become a bat while bloodless.
You possess an exceptional clarity of mind.
You are resistant to electric shocks. (rElec)
Your muscles are strong. (Str +2)
You expend magic power (3 MP) to strengthen your wands.


Message History

No target in view!
No target in view!
No target in view!
A sourceless malevolence fills the Dungeon...
You fall into a shaft and drop 3 floors!
The shaft crumbles and collapses.
s - a scroll labelled GIFRULU USINENK You open the door.
There is an open door here.
Menkaure, Prince of Dust comes into view.
Found a stone staircase leading down.
There is an open door here.
Joseph, a Mercenary comes into view.
He is wielding a +0 quarterstaff and wearing a +2 leather armour of positive energy.
Joseph shouts!
Joseph unwields a +0 quarterstaff.
Joseph wields a +0 hunting sling.
Joseph shoots a sling bullet.
The sling bullet hits you!!
You open the door.
Found a scroll labelled UCKUAS YJA ROFF and a barding.
Found a stone staircase leading down.
Found 10 stones.
There is an open door here.
b - 2 scrolls labelled UCKUAS YJA ROFF (gained 1) Joseph shoots a sling bullet.
The sling bullet closely misses you.
Joseph shoots a sling bullet.
The sling bullet hits you!
You open the door.
An ogre comes into view. It is wielding a +0 giant club.
Joseph shoots a sling bullet.
The sling bullet misses you.
Found 14 gold pieces.
Really rampage and attack while wielding your +0 hand crossbow? [Y]es or [N]o only, please.
Really rampage and attack while wielding your +0 hand crossbow? [Y]es or [N]o only, please.
Really rampage and attack while wielding your +0 hand crossbow?
Okay, then.
Joseph shoots a sling bullet.
The sling bullet barely misses you.
Joseph shoots a sling bullet.
The sling bullet hits you!!
* * * LOW HITPOINT WARNING * * *
The ogre shouts!
Joseph shoots a sling bullet.
The sling bullet hits you!!
You die...

##+#'## #.....# #######
#.(...# #.....# #.....#
#.....# #.....# #.....#
#....[# ##.....###
#.....####........#######
#...>.....@.......'O.....
##########........##.$...
........@...# ...
...........### .
###........# ##########


You could see Joseph and an ogre.

Vanquished Creatures
  A phantom (D:4)
  Jessica (D:2)
  2 adders
  2 gnolls
  4 dart slugs
  5 orcs
  8 endoplasms
  5 giant cockroaches
  8 goblins
  3 hobgoblins
  10 jackals
  4 kobolds
  2 quokkas
  7 ball pythons
  5 bats (D:3)
  A frilled lizard (D:3)
  5 rats
  A spectral orc (D:3)
74 creatures vanquished.

Vanquished Creatures (others)
  2 withered plants (D:4)
2 creatures vanquished.

Grand Total: 76 creatures vanquished

Notes
Turn   | Place    | Note
-------+----------+-------------------------------------------
     0 | D:1      | siradein the Vampire Arcane Marksman began the quest for
                  | the Orb.
     0 | D:1      | Reached XP level 1. HP: 14/14 MP: 2/2
    91 | D:1      | Reached XP level 2. HP: 16/20 MP: 3/3
   187 | D:1      | Reached skill level 5 in Hexes
   262 | D:1      | Gained mutation: You are afflicted with vampirism and can
                  | become a bat while bloodless. [Vampire growth]
   262 | D:1      | Reached XP level 3. HP: 25/25 MP: 4/4
   270 | D:1      | Learned a level 3 spell: Portal Projectile
   568 | D:2      | Identified the amulet "Ytiufac" {Spirit -Cast Rampage rCorr
                  | Str+4}
   763 | D:2      | Noticed Jessica
   769 | D:2      | Killed Jessica
   770 | D:2      | Reached skill level 6 in Hexes
   770 | D:2      | Reached XP level 4. HP: 31/31 MP: 5/5
  1597 | D:3      | Found a basalt altar of Yredelemnul.
  1670 | D:3      | Reached XP level 5. HP: 36/36 MP: 6/6
  1929 | D:3      | Found a bloodstained altar of Trog.
  2061 | D:3      | Found Nawkyun's Distillery.
  2068 | D:3      | Bought a potion of curing for 33 gold pieces
  2068 | D:3      | Bought a potion of degeneration for 11 gold pieces
  2068 | D:3      | Bought a potion of mutation for 88 gold pieces
  2070 | D:3      | Gained mutation: Your muscles are strong. (Str +2) [potion
                  | of mutation]
  2070 | D:3      | Gained mutation: You possess an exceptional clarity of
                  | mind. [potion of mutation]
  2070 | D:3      | Gained mutation: You are resistant to electric shocks.
                  | (rElec) [potion of mutation]
  2070 | D:3      | Gained mutation: You expend magic power (3 MP) to
                  | strengthen your wands. [potion of mutation]
  2191 | D:4      | Noticed an orc warrior
  2211 | D:4      | Noticed a phantom
  2231 | D:4      | Killed a phantom
  2232 | D:4      | Reached skill level 1 in Fighting
  2333 | D:4      | Noticed a black bear
  2439 | D:4      | Found a runed translucent door.
  2439 | D:4      | Noticed testman's ghost (amateur FoHu)
  2723 | D:4      | You fall into a shaft and drop 3 floors!
  2750 | D:7      | Noticed Menkaure
  2783 | D:7      | Noticed Joseph
  2824 | D:7      | Noticed an ogre
  2827 | D:7      | Shot with a sling bullet by Joseph

Illustrated notes

Levels and vault maps discovered:
D:1:      nzn_arrival_settlement, layout_rooms, minmay_misc_feat_diagonals
D:2:      minmay_recursive_quarters, layout_basic, uniq_jessica
D:3:      layout_rooms, yredelemnul_forgotten_temple_becter,
          mainiacjoe_overflow_concentric_impassable, lightli_temple_of_fire,
          serial_shops, nicolae_shop_crystal, kennysheep_path_1
D:4:      minmay_skewed_foursquare, layout_loops_corners, gammafunk_ghost_grave,
          uniq_crazy_yiuf_cottage
D:7:      layout_basic, mainiacjoe_overflow_boulevard, corexii_corridor_pit,
          nicolae_shop_unique_rings, uniq_joseph, uniq_menkaure, uniq_pikel,
          uniq_maggie

Skill      XL: |  1  2  3  4  5 |
---------------+----------------+-----
Crossbows      | 2 3 |  3.4
Hexes          | 5 6 |  6.9
Fighting       | 1 |  1.2
Dodging        | |  2.5
Spellcasting   | |  1.3
Translocations | |  0.7

Action                   |  1- 3 |  4- 6 || total
-------------------------+-------+-------++-------
 Fire: Hand crossbow     |   102 |   131 ||   233
 Cast: Slow              |     2 |       ||     2
  Use: Potion            |       |     1 ||     1
Armor: Robe              |    20 |     1 ||    21
       Leather armour    |       |    25 ||    25
Dodge: Dodged            |    44 |    85 ||   129

Table legend: (Time is in decaauts)
 A = Elapsed time spent in this place.
 B = Non-inter-level travel time spent in this place.
 C = Inter-level travel time spent in this place.
 D = Time resting spent in this place.
 E = Time spent auto-exploring this place.
 F = Levels seen in this place.
 G = Mean time per level.
                   A        B        C        D        E       F      G
               +--------+--------+--------+--------+--------+-----+--------+
         Total |   2921 |   2803 |    118 |     31 |   1836 |   5 |  584.2 |
       Dungeon |   2921 |   2803 |    118 |     31 |   1836 |   5 |  584.2 |
               +--------+--------+--------+--------+--------+-----+--------+

Top non-repeatable levels by time:
     D:2: 1010 daAuts
     D:3: 802 daAuts
     D:1: 510 daAuts
     D:4: 493 daAuts
     D:7: 103 daAuts
